 Dungeon Crawl Stone Soup version 0.31-a0-702-gf82c85558f (webtiles) character file.

Game seed: 14351011300952799133

51 qw the Shooter (level 3, -5/22 HPs)
             Began as a Gargoyle Hunter on Sept 7, 2023.
             Slain by a gnoll
             ... wielding a +0 spear
              (6 damage)
             ... on level 2 of the Dungeon.
             The game lasted 00:00:23 (846 turns).

qw the Shooter (Gargoyle Hunter)                     Turns: 846, Time: 00:00:23

Health: -5/22      AC: 10    Str: 14    XL:     3   Next: 83%
Magic:  3/3        EV: 10    Int:  9    God:
Gold:   41         SH:  0    Dex: 15    Spells: 2/2 levels left

rFire   . . .        Y - +0 shortbow
rCold   . . .        (shield currently unavailable)
rNeg    + . .        d - +0 ring mail
rPois   inf          (no helmet)
rElec   +            (no cloak)
rCorr   .            j - +0 pair of gloves
SInv    .            f - +0 pair of boots
Will    +....        (no amulet)
Stlth   +            k - ring of willpower
HPRegen 0.23/turn    (no ring)
MPRegen 0.08/turn

%: no passive effects
@: no status effects
A: sickness immunity, AC +3, negative energy resistance 1, electricity
resistance, torment resistance 1, petrification resistance
a: no special abilities


You were on level 2 of the Dungeon.
You visited 1 branch of the dungeon, and saw 2 of its levels.

You collected 41 gold pieces.


Innate Abilities, Weirdness & Mutations

You are immune to sickness and miasma.
Your stone body is resilient. (AC +3)
You are immune to poison.
You resist negative energy. (rN+)
You are resistant to electric shocks. (rElec)
You are resistant to unholy torment.
You are immune to petrification.


   Skills:
 + Level 2.7 Fighting
 - Level 5.0 Ranged Weapons
 - Level 1.0 Armour
 - Level 1.5 Dodging
 - Level 1.1 Stealth


You had 2 spell levels left.
You didn't know any spells.
Your spell library was empty.

Inventory:

Hand Weapons
 Y - a +0 shortbow (weapon)
Armour
 d - a +0 ring mail (worn)
 f - a +0 pair of boots (worn)
 j - a +0 pair of gloves (worn)
Jewellery
 k - a ring of willpower (left hand)
Potions
 g - a potion of ambrosia {unknown}
 m - a potion of attraction {unknown}
 n - a potion of enlightenment
 o - a potion of curing {unknown}

Dungeon Overview and Level Annotations

Branches:
Dungeon (2/15)

Altars:


Message History

836 |||
Found retreat position at 1,1 (floor) with 0 blocking monsters and 3 monsters attacking at destination at distance 1
836 ||| Stepping ~*~*~tactically~*~*~ (retreating).
The gnoll attacks as it pursues you!
The gnoll hits you with a +1 flail of draining.
You shoot an arrow. The arrow barely misses the gnoll. x2
The arrow hits the gnoll.
The gnoll is lightly wounded.
The gnoll hits you but does no damage.
You shoot an arrow. The arrow closely misses the gnoll. x2
The arrow hits the gnoll.
The gnoll is heavily wounded.
The gnoll hits you but does no damage. The gnoll closely misses you.
You shoot an arrow. The arrow closely misses the gnoll.
The arrow hits the gnoll but does no damage.
The gnoll hits you with a +1 flail of draining.
The gnoll hits you but does no damage.
You shoot an arrow. The arrow barely misses the gnoll.
The arrow hits the gnoll.
The gnoll is heavily wounded.
The gnoll hits you but does no damage. The gnoll barely misses you.
You shoot an arrow. The arrow hits the gnoll.
The gnoll is heavily wounded.
The gnoll hits you but does no damage. x2; The gnoll barely misses you. x2
You shoot an arrow. The arrow hits the gnoll.
The gnoll is almost dead.
The gnoll closely misses you.
The gnoll hits you with a +1 flail of draining.
You shoot an arrow. The arrow hits the gnoll.
You kill the gnoll!
The gnoll hits you from afar with a +0 spear.
844 |||
Found retreat position at -2,0 (gnoll; floor) with 0 blocking monsters and 2 monsters attacking at destination at distance 2
844 ||| Stepping ~*~*~tactically~*~*~ (retreating).
The gnoll hits you but does no damage. x2
845 |||
Found retreat position at -1,1 (gnoll; floor) with 0 blocking monsters and 2 monsters attacking at destination at distance 1 You shoot an arrow.
The arrow barely misses the gnoll.
The gnoll completely misses you. The gnoll barely misses you. x2
846 |||
Found retreat position at -1,1 (gnoll; floor) with 0 blocking monsters and 2 monsters attacking at destination at distance 1 You shoot an arrow.
The arrow barely misses the gnoll.
The gnoll hits you with a +0 spear!
The gnoll hits you from afar with a +0 spear.
You die...

#....#..###..##..##.#
........#......#.#.#.
#......#..#.....##..
#......#..##..#.#..#
#...................
..###......#############
..........# ##.......#
######@#...## ###
....ggg).....# >..
#########...## ### ##.##
###


You could see 3 gnolls.

Vanquished Creatures
  A gnoll (D:2)
  An adder (D:2)
  A dart slug (D:1)
  3 ball pythons
  3 bats (D:1)
  8 endoplasms (D:1)
  A goblin (D:1)
  A hobgoblin (D:1)
  3 kobolds (D:1)
  A quokka (D:1)
  2 frilled lizards (D:1)
  4 rats (D:1)
29 creatures vanquished.

Notes
Turn   | Place    | Note
-------+----------+-------------------------------------------
     0 | D:1      | qw the Gargoyle Hunter began the quest for the Orb.
     0 | D:1      | Reached XP level 1. HP: 12/12 MP: 1/1
     0 | D:1      | 0 ||| qw: Version: 0.3-a-76-g4403597
     0 | D:1      | 0 ||| qw: Game counter: 857
     0 | D:1      | 0 ||| qw: Melee chars always use a shield: true
     0 | D:1      | 0 ||| qw: God list: Okawaru
     0 | D:1      | 0 ||| qw: Allow faded altars: false
     0 | D:1      | 0 ||| qw: Do Orc after clearing Dungeon:15 true
     0 | D:1      | 0 ||| qw: Do second Lair branch before Depths: true
     0 | D:1      | 0 ||| qw: Lair rune preference: random
     0 | D:1      | 0 ||| qw: Goals: Normal
     0 | D:1      | 0 ||| PLANNING D:1-11
    60 | D:1      | Reached XP level 2. HP: 17/17 MP: 2/2
   299 | D:1      | Reached XP level 3. HP: 21/21 MP: 3/3
   343 | D:1      | Reached skill level 5 in Ranged Weapons
   735 | D:1      | 735 ||| UPGRADING to +0 ring mail.
   745 | D:1      | 745 ||| DROPPING +0 leather armour.
   746 | D:1      | 746 ||| UPGRADING to +0 pair of boots.
   751 | D:1      | 751 ||| UPGRADING to +0 pair of gloves.
   756 | D:1      | 756 ||| UPGRADING to ring of willpower.
   757 | D:1      | 757 ||| READING scroll labelled MELIGG TEURERCH.
   758 | D:1      | 758 ||| READING scroll labelled XONEGOCW AGIOLL.
   759 | D:1      | 759 ||| READING scroll labelled QYOTEABUW.
   760 | D:1      | 760 ||| READING scroll labelled VIOS HANLEFFISU.
   761 | D:1      | 761 ||| DRINKING 2 white potions.
   762 | D:1      | 762 ||| DROPPING scroll of butterflies.
   820 | D:2      | Reached skill level 1 in Armour
   835 | D:2      | 835 ||| RETREATING.
   836 | D:2      | 836 ||| Stepping ~*~*~tactically~*~*~ (retreating).
   844 | D:2      | 844 ||| Stepping ~*~*~tactically~*~*~ (retreating).
   846 | D:2      | HP: 1/22 [gnoll/+0 spear (8)]
   846 | D:2      | Slain by a gnoll

Levels and vault maps discovered:
D:1:      dpeg_arrival_chambers_temple_mockup, layout_basic,
          chequers_serial_rivers_micro_b
D:2:      layout_loops_ring, minmay_misc_feat_rugged

Skill      XL: |  1  2  3 |
---------------+----------+-----
Ranged Weapons | 5 |  5.0
Armour         | 1 |  1.0
Fighting       | |  2.7
Dodging        | |  1.5
Stealth        | |  1.1

Action                     || total
---------------------------++-------
   Fire: Shortbow          ||    83
    Use: Scroll            ||     4
         Potion            ||     1
 Armour: Leather armour    ||    13
         Ring mail         ||    17
  Dodge: Dodged            ||    16

Table legend:
 A = Non-vault XP
 B = Vault XP
 C = Vault XP percentage of total XP
 D = Non-vault monster count
 E = Vault monster count
 F = Vault count percentage of total count
                 A         B        C        D         E       F
            +---------+---------+-------+---------+---------+-------
      Total |      74 |       0 |   0.0 |      29 |       0 |   0.0
            +---------+---------+-------+---------+---------+-------
        D:1 |      46 |       0 |   0.0 |      26 |       0 |   0.0
        D:2 |      28 |       0 |   0.0 |       3 |       0 |   0.0
            +---------+---------+-------+---------+---------+-------
